 Dungeon Crawl Stone Soup version 0.25-a0-36-g303dd5b1f4 (webtiles) character file.

Game seed: 827855628428740152, levelgen mode: deterministic

19 Arixos the Skirmisher (level 2, 0/24 HPs)
             Began as a Demonspawn Monk on Oct 20, 2019.
             Succumbed to a worker ant's poison
             ... on level 2 of the Dungeon.
             The game lasted 00:02:07 (1025 turns).

Arixos the Skirmisher (Demonspawn Monk)             Turns: 1025, Time: 00:02:07

Health: 0/24       AC:  5    Str: 11    XL:     2   Next: 55%
Magic:  2/2        EV: 11    Int: 11    God:
Gold:   79         SH:  0    Dex: 15    Spells: 1/1 levels left

rFire    . . .     SeeInvis .     - Unarmed
rCold    . . .     Gourm    .   (no shield)
rNeg     . . .     Faith    .   d - +0 ring mail
rPois    .         Spirit   .   (no helmet)
rElec    .         Reflect  .   (no cloak)
rCorr    .         Harm     .   (no gloves)
MR       .....                  (no boots)
Stlth    +.........             a - amulet of inaccuracy (curse)
HPRegen  0.08/turn              (no ring)
MPRegen  0.08/turn              (no ring)

@: lethally poisoned (0 -> -8)
A: rot immunity
a: no special abilities


You were on level 2 of the Dungeon.
You were hungry.

You visited 1 branch of the dungeon, and saw 2 of its levels.

You collected 79 gold pieces.

Inventory:

Armour
 d - a +0 ring mail (worn)
Jewellery
 a - a cursed amulet of inaccuracy (around neck)
Scrolls
 c - a scroll of teleportation
Potions
 e - a potion of flight {unknown}
 h - a potion of agility {unknown}
 i - a potion of lignification {unknown}
Comestibles
 b - 3 rations
 f - 2 chunks of flesh


   Skills:
 + Level 3.3 Fighting
 + Level 1.0 Armour
 + Level 3.0 Dodging
 - Level 1.7 Stealth
 - Level 2.6 Unarmed Combat


You had one spell level left.
You didn't know any spells.
Your spell library was empty.

Dungeon Overview and Level Annotations

Branches:
Dungeon (2/15)

Altars:
Nemelex Xobeh


Innate Abilities, Weirdness & Mutations

You are immune to rotting.


Message History

The worker ant misses you.
You closely miss the worker ant.
The worker ant is severely wounded.
The worker ant bites you.
* * * LOW HITPOINT WARNING * * *
You are lethally poisoned!
The worker ant poisons you!
You miss the worker ant.
The worker ant is severely wounded.
* * * LOW HITPOINT WARNING * * *
You feel sick. The worker ant bites you.
* * * LOW HITPOINT WARNING * * *
You hit the worker ant.
The worker ant is almost dead.
* * * LOW HITPOINT WARNING * * *
You feel sick. The worker ant bites you.
* * * LOW HITPOINT WARNING * * *
You closely miss the worker ant.
The worker ant is almost dead.
You die...

#.........
#.........
#.r.......
#........?
#.........
.....?...
###...a....
#@#...#
#.a...#
####..(.#
.#### ##


You could see a worker ant.

Vanquished Creatures
  A dart slug (D:1)
  A giant cockroach (D:1)
  3 hobgoblins (D:1)
  A quokka (D:1)
  2 bats (D:1)
  3 frilled lizards (D:1)
  3 kobolds (D:1)
  5 rats (D:1)
19 creatures vanquished.

Notes
Turn   | Place    | Note
-------+----------+-------------------------------------------
     0 | D:1      | Arixos the Demonspawn Monk began the quest for the Orb.
     0 | D:1      | Reached XP level 1. HP: 18/18 MP: 1/1
   234 | D:1      | Found a sparkling altar of Nemelex Xobeh.
   259 | D:1      | Gained mutation: You are immune to rotting. [demonic
                  | ancestry]
   259 | D:1      | Reached XP level 2. HP: 24/24 MP: 2/2
   573 | D:1      | Reached skill level 1 in Armour
  1024 | D:2      | HP: 1/24 [worker ant (1)]
  1025 | D:2      | Succumbed to a worker ant's poison

Levels and vault maps discovered:
D:1:      dpeg_arrival_arbitrary_c, layout_basic,
          nemelex_xobeh_ov_fountains_minmay
D:2:      layout_basic, old_standard_altar, kennysheep_slug_shrine,
          amethyst_overflow_temple_binary, first_ration, uniq_robin,
          uniq_natasha

Skill      XL: |  1  2 |
---------------+-------+-----
Dodging        | 3 |  3.0
Armour         | 1 |  1.0
Fighting       | |  3.3
Stealth        | |  1.7
Unarmed Combat | |  2.6

Action                   || total
-------------------------++-------
Melee: Unarmed           ||   136
       Punch             ||     1
  Use: Scroll            ||     2
Armor: Robe              ||     8
       Ring mail         ||    52
Dodge: Dodged            ||    82

Table legend:
 A = Non-vault XP
 B = Vault XP
 C = Vault XP percentage of total XP
 D = Non-vault monster count
 E = Vault monster count
 F = Vault count percentage of total count
                 A         B        C        D         E       F
            +---------+---------+-------+---------+---------+-------
      Total |      28 |       0 |   0.0 |      19 |       0 |   0.0
            +---------+---------+-------+---------+---------+-------
        D:1 |      28 |       0 |   0.0 |      19 |       0 |   0.0
            +---------+---------+-------+---------+---------+-------
